 Dungeon Sprint DCSS version 0.19.5 (webtiles) character file.

9900000 Cecillian the Intangible (level 27, -39/323 HPs)
             Began as a Troll Warper on May 8, 2017.
             Was the Champion of Makhleb.
             Annihilated by a sculptor of flesh
             ... wielding a +9 great sword
              (122 damage)
             ... in the Dungeon (Sprint VIII: "Arena of Blood").
             The game lasted 00:07:44 (99 turns).

Cecillian the Intangible (Troll Warper)               Turns: 99, Time: 00:07:45

Health: -39/323    AC:  7    Str: 27    XL:     27
Magic:  25/53      EV: 30    Int: 11    God:    Makhleb [******]
Gold:   0          SH:  0    Dex: 16    Spells: 0 memorised, 80 levels left

rFire  . . .     SeeInvis .     k - +∞ Axe of Woe
rCold  . . .     Gourm    +     a - +0 robe
rNeg   . . .     Faith    .     (shield currently unavailable)
rPois  .         Spirit   .     (helmet restricted)
rElec  .         Reflect  .     (no cloak)
rCorr  .         Harm     .     (gloves unavailable)
MR     ++...     NoTele   +     (boots unavailable)
Stlth  +++++++++.               (no amulet)
                                o - +250 ring of slaying
                                n - +200 ring of slaying

@: no status effects
A: unfitting armour, claws 3, fast metabolism 3, gourmand, regeneration 1,
shaggy fur 1, tough skin 2
a: Minor Destruction, Lesser Servant of Makhleb, Major Destruction, Greater
Servant of Makhleb, Renounce Religion


You were in the Dungeon.
You worshipped Makhleb.
Makhleb was exalted by your worship.
You were not hungry.

You visited 1 branch

Inventory:

Hand Weapons
 k - the +∞ Axe of Woe (weapon)
   (You found it in the Dungeon)
Missiles
 d - 5 tomahawks of dispersal (quivered)
Armour
 a - a +0 robe (worn)
Jewellery
 l - a +30 ring of slaying
 m - a +30 ring of slaying
 n - a +200 ring of slaying (left claw)
 o - a +250 ring of slaying (right claw)
Scrolls
 c - 2 scrolls of blinking
Potions
 e - a potion of curing
 g - a potion of heal wounds
 h - a potion of haste
 i - 2 potions of magic
 j - a potion of berserk rage
Books
 b - a book of Spatial Translocations

   Spells                             Type                      Level
   a - Blink                          Translocation                2
   b - Shroud of Golubria             Charms/Translocation         2
   c - Lesser Beckoning               Translocation                3
   d - Portal Projectile              Translocation                3
   e - Teleport Other                 Translocation                3
   f - Passage of Golubria            Translocation                4
Comestibles
 f - 2 bread rations


   Skills:
 O Level 27 Fighting
 O Level 27 Axes
 O Level 27 Throwing
 O Level 27 Armour
 O Level 27 Dodging
 O Level 27 Stealth
 O Level 27 Unarmed Combat
 O Level 27 Spellcasting
   Level 2.1 Translocations
 O Level 27 Invocations


You had 80 spell levels left.
You didn't know any spells.

Dungeon Overview and Level Annotations

Branches:
Dungeon (1/1)

Altars:
Makhleb


Innate Abilities, Weirdness & Mutations

You are too large for most types of armour.
You have claws for hands.
Your metabolism is lightning-fast.
You like to eat raw meat.
Your natural rate of healing is unusually fast.
You are covered in fur. (AC +1)
You have very tough skin. (AC +2)


Message History

You hew something savagely.
Makhleb accepts your kill.
You feel better.
You feel a bit more experienced.
You are engulfed in roaring flames.
You hear a shout!
Something hits your cacodemon but does no damage.
You hear a shout!
The eight-headed meat hydra calls on the powers of darkness!
The eight-headed meat hydra convulses!
The bag of meat convulses! x2
Your body is wracked with pain!
* * * LOW HITPOINT WARNING * * *
The accursed gestures at you while chanting.
Something smites you!
* * * LOW HITPOINT WARNING * * *
Your cacodemon hits something!
Your cacodemon closely misses something.
An orc and a hell beast come into view.
You hear a shout! x3
The sculptor of flesh hits you with a +9 great sword!!!!
You die...

.... ......... ..o..
........o ......
#...o...# ..#...
#.C.....#
......###).W..§.###.
.V...D.)§)o###......
...#..)o§{§%_......
#.....)§#§)...#.
o.....§o)#@)§§_# .
.#.....).#zV2§.#....
o..#...))).§§§......
......O....###......
......###.2M. ..###.
....% #.......#
..... #o......# ....
......... .#.
%..........


You could see an accursed, a meat beast, a destroyer, a sculptor of flesh, a
large bag of meat (inner flame), a dread, 2 bags of meat and a friendly
cacodemon.

Vanquished Creatures
  Sigmund (D)
  7 hell beasts (D)
  6 greater mummies (D)
  4 great orbs of eyes (D)
  A wraith (D)
  19 vampire knights (D)
  28 ogres (D)
  3 liches (D)
  63 orcs (D)
  7 hill giants (D)
  2 skeletal warriors (D)
  3 large abominations (D)
  5 small abominations (D)
  6 crawling corpses (D)
155 creatures vanquished.

Vanquished Creatures (others)
  An orc (D)
  3 crawling corpses (D)
4 creatures vanquished.

Grand Total: 159 creatures vanquished

Notes
Turn   | Place    | Note
-------+----------+-------------------------------------------
     0 | D        | Cecillian the Troll Warper began the quest for the Orb.
     0 | D        | Reached XP level 1. HP: 19/19 MP: 1/1
     3 | D        | Noticed a bag of meat
     4 | D        | Became a worshipper of Makhleb the Destroyer
     5 | D        | Noticed a bag of meat
     5 | D        | Noticed a meat berserker
     7 | D        | Killed a bag of meat
     7 | D        | Reached skill level 10 in Fighting
     7 | D        | Reached skill level 10 in Spellcasting
     7 | D        | Reached XP level 2. HP: 46/46 MP: 1/12
     7 | D        | Reached XP level 3. HP: 54/54 MP: 1/13
     7 | D        | Reached XP level 4. HP: 63/63 MP: 1/15
     7 | D        | Reached XP level 5. HP: 70/70 MP: 1/16
     7 | D        | Reached XP level 6. HP: 79/79 MP: 1/18
     7 | D        | Reached XP level 7. HP: 87/87 MP: 1/19
     7 | D        | Reached XP level 8. HP: 96/96 MP: 1/21
     7 | D        | Reached XP level 9. HP: 102/102 MP: 1/22
     7 | D        | Reached XP level 10. HP: 111/111 MP: 1/23
     7 | D        | Reached XP level 11. HP: 119/119 MP: 1/24
     8 | D        | Noticed a bag of meat
     8 | D        | Killed a bag of meat
     8 | D        | Reached * piety under Makhleb
     8 | D        | Reached skill level 5 in Throwing
     8 | D        | Reached XP level 12. HP: 133/133 MP: 1/26
     8 | D        | Noticed a bag of meat
     9 | D        | Noticed a bag of meat
     9 | D        | Noticed a bag of meat
     9 | D        | Killed a meat berserker
     9 | D        | Reached skill level 5 in Axes
     9 | D        | Reached XP level 13. HP: 105/146 MP: 1/29
     9 | D        | Reached XP level 14. HP: 112/156 MP: 1/30
    10 | D        | Noticed a bag of meat
    10 | D        | Noticed a bag of meat
    10 | D        | Noticed a bag of meat
    10 | D        | Noticed a bag of meat
    10 | D        | Noticed a bag of meat
    11 | D        | Noticed a bag of meat
    12 | D        | Noticed a bag of meat
    13 | D        | Noticed a bag of meat
    13 | D        | Killed a bag of meat
    13 | D        | Reached skill level 15 in Fighting
    13 | D        | Killed a bag of meat
    13 | D        | Reached ** piety under Makhleb
    13 | D        | Reached XP level 15. HP: 161/167 MP: 2/32
    14 | D        | Reached skill level 15 in Spellcasting
    15 | D        | Noticed a meat berserker
    15 | D        | Reached skill level 10 in Axes
    15 | D        | Reached *** piety under Makhleb
    15 | D        | Reached XP level 16. HP: 154/183 MP: 3/35
    16 | D        | Reached **** piety under Makhleb
    16 | D        | Reached XP level 17. HP: 196/196 MP: 4/37
    16 | D        | Reached skill level 15 in Axes
    17 | D        | Reached skill level 10 in Throwing
    18 | D        | Noticed a meat berserker
    18 | D        | Noticed a meat berserker
    18 | D        | Killed a meat berserker
    18 | D        | Reached ***** piety under Makhleb
    18 | D        | Reached XP level 18. HP: 215/215 MP: 4/39
    19 | D        | Noticed a destroyer
    19 | D        | Noticed a large bag of meat
    20 | D        | Killed a destroyer
    20 | D        | Reached skill level 27 in Dodging
    21 | D        | Noticed a meat berserker
    22 | D        | Killed a large bag of meat
    22 | D        | Reached XP level 19. HP: 228/228 MP: 5/42
    23 | D        | Noticed a meat berserker
    23 | D        | Noticed a destroyer
    23 | D        | Killed a meat berserker
    24 | D        | Noticed a meat berserker
    24 | D        | Noticed a destroyer
    25 | D        | Killed a meat berserker
    25 | D        | Reached skill level 27 in Unarmed Combat
    25 | D        | Reached XP level 20. HP: 199/249 MP: 6/44
    25 | D        | Killed a meat berserker
    25 | D        | Reached skill level 27 in Axes
    25 | D        | Killed a meat berserker
    25 | D        | Reached skill level 27 in Fighting
    26 | D        | Noticed a destroyer
    27 | D        | Killed a destroyer
    27 | D        | Reached ****** piety under Makhleb
    27 | D        | Reached XP level 21. HP: 265/265 MP: 7/50
    27 | D        | Reached skill level 27 in Spellcasting
    27 | D        | Noticed a destroyer
    30 | D        | Noticed a destroyer
    31 | D        | Killed a destroyer
    31 | D        | Reached skill level 27 in Throwing
    31 | D        | Reached XP level 22. HP: 238/275 MP: 8/52
    31 | D        | Reached skill level 5 in Stealth
    31 | D        | Reached skill level 10 in Armour
    31 | D        | Reached skill level 10 in Invocations
    33 | D        | Killed a destroyer
    34 | D        | Reached XP level 23. HP: 284/284 MP: 8/53
    35 | D        | Noticed a destroyer
    35 | D        | Reached skill level 15 in Stealth
    35 | D        | Killed a destroyer
    36 | D        | Noticed a destroyer
    37 | D        | Noticed a destroyer
    37 | D        | Reached XP level 24. HP: 138/295 MP: 9/53
    37 | D        | Killed a destroyer
    37 | D        | Reached skill level 27 in Invocations
    38 | D        | Reached skill level 27 in Armour
    38 | D        | Killed a destroyer
    38 | D        | Reached XP level 25. HP: 304/304 MP: 9/53
    40 | D        | Noticed a tyrant
    41 | D        | Reached skill level 27 in Stealth
    41 | D        | Killed a destroyer
    44 | D        | Noticed a destroyer
    44 | D        | Reached XP level 26. HP: 254/314 MP: 11/53
    45 | D        | Killed a destroyer
    46 | D        | Noticed a destroyer
    46 | D        | Noticed a destroyer
    46 | D        | Noticed a destroyer
    47 | D        | Killed a tyrant
    50 | D        | Reached XP level 27. HP: 323/323 MP: 12/53
    50 | D        | Killed a destroyer
    50 | D        | Killed a destroyer
    52 | D        | Noticed a destroyer
    55 | D        | Noticed a destroyer
    55 | D        | Killed a destroyer
    55 | D        | Noticed The Captor
    56 | D        | Noticed a destroyer
    57 | D        | Killed a destroyer
    57 | D        | Killed a destroyer
    59 | D        | Noticed an accursed
    59 | D        | Noticed a destroyer
    59 | D        | Noticed a meat beast
    60 | D        | Killed a destroyer
    62 | D        | Noticed an accursed
    62 | D        | Noticed a dread
    62 | D        | Killed a meat beast
    62 | D        | Killed The Captor
    64 | D        | Noticed an accursed
    64 | D        | Noticed a meat beast
    64 | D        | Noticed a destroyer
    65 | D        | Killed a meat beast
    65 | D        | Killed a dread
    66 | D        | Noticed a tyrant
    66 | D        | Killed a destroyer
    67 | D        | Noticed a meat beast
    67 | D        | Noticed an accursed
    67 | D        | Killed a destroyer
    67 | D        | Killed a destroyer
    68 | D        | Noticed a meat beast
    69 | D        | Noticed an accursed
    69 | D        | Killed an accursed
    72 | D        | Noticed a meat beast
    72 | D        | Killed a meat beast
    72 | D        | Killed an accursed
    73 | D        | Killed an accursed
    73 | D        | Killed a meat beast
    74 | D        | Noticed a meat beast
    76 | D        | Killed a tyrant
    76 | D        | Killed a meat beast
    77 | D        | Noticed a destroyer
    78 | D        | Killed an accursed
    78 | D        | Killed a meat beast
    79 | D        | Noticed an accursed
    80 | D        | Noticed a tyrant
    84 | D        | Killed an accursed
    84 | D        | Killed a destroyer
    87 | D        | Killed an accursed
    88 | D        | Noticed a meat beast
    88 | D        | Killed a tyrant
    92 | D        | Noticed a dread
    93 | D        | Noticed a dread
    96 | D        | Noticed an accursed
    96 | D        | Killed a meat beast
    99 | D        | Noticed a meat beast
    99 | D        | Noticed a destroyer
    99 | D        | Annihilated by a sculptor of flesh

Skill      XL: |  1  2  3  4  5  6  7  8  9 10 11 12 13 14 15 16 17 18 19 20 21 22 23 24 25 |
---------------+----------------------------------------------------------------------------+-----
Fighting       | 10 12 14 15 17 18 21 22 25 27 | 27.0
Throwing       | 4 5 6 7 8 9 10 11 12 14 27 | 27.0
Dodging        | 14 16 19 20 22 24 26 27 | 27.0
Unarmed Combat | 12 14 16 18 20 21 23 25 27 | 27.0
Spellcasting   | 10 11 13 14 16 17 18 20 21 26 27 | 27.0
Axes           | 2 5 7 11 14 18 22 25 27 | 27.0
Armour         | 17 23 27 | 27.0
Stealth        | 13 19 25 27 | 27.0
Invocations    | 18 25 27 | 27.0
Translocations | |  2.1

Action                   |  1- 3 |  4- 6 |  7- 9 | 10-12 | 13-15 | 16-18 | 19-21 | 22-24 | 25-27 || total
-------------------------+-------+-------+-------+-------+-------+-------+-------+-------+-------++-------
Melee: Executioner's axe |     1 |       |       |     2 |     3 |     5 |     6 |     6 |    43 ||    66
Invok: Greater Servant o |       |       |       |       |       |       |       |       |     2 ||     2
       Major Destruction |       |       |       |       |       |       |       |       |     1 ||     1
Armor: Robe              |       |       |       |       |       |       |       |       |     6 ||     6
Dodge: Dodged            |       |       |       |       |       |       |     1 |     2 |    23 ||    26
